 Dungeon Crawl Stone Soup version 0.26.1-2-gb8aa6d0cf2 (webtiles) character file.

Game seed: 2276398247478461781

54449 st0uf the Carver (level 14, -4/122 HPs)
             Began as a Red Draconian Brigand on Mar 19, 2021.
             Was the Champion of Okawaru.
             Killed from afar by a will-o-the-wisp (9 damage)
             ... with a foxfire
             ... on level 2 of the Swamp.
             The game lasted 01:55:02 (16818 turns).

st0uf the Carver (Red Draconian Brigand)           Turns: 16818, Time: 01:55:03

Health: -4/122     AC: 14    Str: 17    XL:     14   Next: 34%
Magic:  13/14      EV: 22    Int: 14    God:    Okawaru [******]
Gold:   1112       SH:  5    Dex: 26    Spells: 13/13 levels left

rFire    + . .     SeeInvis .   b - +8 longbow of Siesa {venom, rElec Dex+5}
rCold    . . .     Faith    .   (shield currently unavailable)
rNeg     . . .     Spirit   .   (armour unavailable)
rPois    +         Reflect  +   (helmet restricted)
rElec    +         Harm     .   i - +2 cloak {rCorr}
rCorr    +         Rampage  .   C - +1 pair of gloves of the Maze {Regen+ Int+3}
Will     +....                  M - +0 pair of boots
Stlth    +++++.....             W - amulet of reflection
HPRegen  0.70/turn              q - +6 ring of dexterity
MPRegen  0.14/turn              s - ring of poison resistance

@: no status effects
A: breathe fire, unfitting armour, fire resistance 1, cold-blooded, AC +8
a: Breathe Fire, Renounce Religion, Heroism, Finesse


You were on level 2 of the Swamp.
You worshipped Okawaru.
Okawaru was exalted by your worship.
You visited 4 branches of the dungeon, and saw 17 of its levels.
You also visited: Sewer.

You collected 1112 gold pieces.

Inventory:

Hand Weapons
 a - a +5 quick blade
 b - the +8 longbow of Siesa (weapon) {venom, rElec Dex+5}
   (Okawaru gifted it to you on level 3 of the Lair of Beasts)

   It poisons the ammo it fires.
   It affects your dexterity (+5).
   It insulates you from electricity.
 Z - a +5 vampiric lajatang
Missiles
 c - 51 poisoned darts
 d - 2 curare-tipped darts
 e - 222 arrows (quivered ammo)
 g - 2 datura-tipped darts
 R - 2 silver boomerangs
Armour
 i - a +2 cloak of preservation (worn)
 x - a +2 pair of gloves of archery
 C - the +1 pair of gloves of the Maze (worn) {Regen+ Int+3}
   (You found it on level 4 of the Dungeon)

   It affects your intelligence (+3).
   It increases your rate of regeneration.
 M - a +0 pair of boots (worn)
Jewellery
 q - a +6 ring of dexterity (left hand)
 s - a ring of poison resistance (right hand)
 W - an amulet of reflection (around neck)
 X - an uncursed ring of stealth
Wands
 v - a wand of polymorph (17)
 y - a wand of random effects (47)
 H - a wand of paralysis (7)
 O - a wand of digging (3)
 Q - a wand of acid (10)
 S - a wand of enslavement (9)
Scrolls
 f - a scroll of noise {unknown}
 j - 5 scrolls of blinking {unknown}
 k - 14 scrolls of remove curse
 m - 4 scrolls of fear {unknown}
 p - 2 scrolls of immolation {unknown}
 t - 4 scrolls of amnesia {unknown}
 u - 5 scrolls of magic mapping {unknown}
 w - 13 scrolls of teleportation
 E - 2 scrolls of enchant weapon {unknown}
 G - 2 scrolls of random uselessness {unknown}
 J - 2 scrolls of torment {unknown}
 K - 6 scrolls of fog {unknown}
 L - 4 scrolls of enchant armour {unknown}
Potions
 h - 4 potions of might
 l - 5 potions of curing {unknown}
 n - 2 potions of heal wounds
 o - 3 potions of resistance {unknown}
 r - 4 potions of haste {unknown}
 z - 7 potions of brilliance
 A - 2 potions of flight {unknown}
 B - 6 potions of lignification {unknown}
 D - 5 potions of mutation {unknown}
 F - a potion of ambrosia {unknown}
 N - 4 potions of berserk rage {unknown}
 P - 3 potions of degeneration {unknown}
Miscellaneous
 U - a box of beasts
 Y - a lightning rod (4/4)


   Skills:
 + Level 10.4 Fighting
 - Level 2.0(7.6) Short Blades
 + Level 11.4(11.5) Long Blades
 + Level 2.8(6.8) Maces & Flails
 + Level 9.7(9.9) Staves
 + Level 2.0 Bows
 - Level 10.1 Throwing
 + Level 9.5 Dodging
 - Level 9.0 Stealth
 + Level 6.7 Shields
 + Level 0.3 Invocations
 + Level 1.9 Evocations


You had 13 spell levels left.
You didn't know any spells.
Your spell library contained the following spells:

 Spells                   Type           Power        Failure   Level
 Foxfire                  Conj/Fire      0%           28%         1
 Cause Fear               Hex            0%           96%         4
 Dragon Form              Tmut           0%           100%        7
 Dragon's Call            Summ           0%           100%        9


Dungeon Overview and Level Annotations

Branches:
Dungeon (8/15)             Temple (1/1) D:4            Lair (6/6) D:8
  Swamp (2/4) Lair:4       Spider (0/4) Lair:4        Slime (0/5) Lair:5
  Sewer (visited)

Altars:
Ashenzari
Cheibriados
Gozag
Kikubaaqudgha
Makhleb
Nemelex Xobeh
Okawaru
Ru
Trog
Uskayaw
Wu Jian
Xom
Yredelemnul
Jiyva

Annotations:
Lair:6 3 runed translucent doors, Rexfelis's ghost, journeyman MiBe


Innate Abilities, Weirdness & Mutations

You can breathe blasts of fire.
Your fiery red scales are hard. (AC +8)
You cannot fit into any form of body armour.
Your flesh is heat resistant. (rF+)
You are cold-blooded and may be slowed by cold attacks.


Message History

You shoot an arrow.
The arrow closely misses the will-o-the-wisp.
You hear a splash.
You feel like a meek peon again. The foxfire hits you. You resist.
* * * LOW HITPOINT WARNING * * *
The foxfire hits you. You resist.
* * * LOW HITPOINT WARNING * * *
The will-o-the-wisp gestures.
The will-o-the-wisp conjures some foxfire! 2 foxfires come into view.
Fire: 223 arrows
Press: ? - help, Q - select action, (/) - cycle Shift-Dir - straight line, f/p - will-o-the-wisp
Aim: a will-o-the-wisp (severely damaged, 74% to hit)
You shoot an arrow.
The arrow closely misses the will-o-the-wisp.
The foxfire hits you! You resist.
* * * LOW HITPOINT WARNING * * *
The foxfire hits you! You resist.
You die...

≈ ♣♣≈ ♣♣. ♣≈≈♣♣♣♣♣♣♣♣≈..
≈♣♣≈≈§..≈≈.....
.(.......≈.≈≈.≈.
≈..≈≈§≈≈..≈≈≈§.≈
≈.≈(§≈≈.$.≈≈≈...
....≈§≈.@.≈≈≈♣
..≈≈≈§..v.≈§.♣♣≈
≈.≈≈≈≈v§§≈§≈....≈§≈
..≈≈≈(§§(≈≈.....≈≈
$..≈≈≈§.≈≈..!..≈.
.^..≈≈≈.†$..§≈.=♣
≈≈..≈≈§≈≈.$≈≈≈≈.♣♣♣
≈(.≈§..≈...≈≈≈≈≈..♣♣♣
.≈.≈♣♣♣.≈≈≈≈≈≈≈≈≈...♣≈...


You could see a will-o-the-wisp.

Vanquished Creatures
  Aizul (Swamp:2)
  A dire elephant (Lair:6)
  Harold (D:8)
  8 hydras
  A boulder beetle (Lair:5)
  A catoblepas (Lair:6)
  2 two-headed ogres
  A deep troll shaman (Lair:6)
  13 death yaks
  A goliath frog (Swamp:2)
  A bog body (Swamp:1)
  Pikel (D:5)
  A necromancer (Swamp:1)
  11 elephants (Lair:6)
  6 black mambas
  13 cane toads
  7 komodo dragons
  3 rime drakes
  2 hydra zombies (Swamp:1)
  2 polar bears
  Grinder (D:5)
  14 blink frogs
  5 dream sheep
  54 yaks
  Sigmund (D:2)
  Eustachio (D:5)
  A spriggan (Lair:4)
  A wyvern (Lair:6)
  2 basilisks
  A steam dragon (D:8)
  Menkaure (D:5)
  3 swamp worms
  10 water moccasins
  3 sky beasts
  2 ice beasts
  4 black bears
  4 orc warriors
  A hornet zombie (Swamp:1)
  2 phantoms
  A swamp drake (Swamp:1)
  25 wolves
  2 ogres
  4 centaurs
  3 lemures (D:5)
  2 big kobolds
  12 bullfrogs
  A water moccasin zombie (Swamp:1)
  A wyvern skeleton (D:7)
  4 scorpions
  A swamp dragon simulacrum (Swamp:1)
  3 wights (D:8)
  A howler monkey (D:8)
  An electric eel (Lair:4)
  A bullfrog zombie (D:7)
  A centaur zombie (D:7)
  2 hounds (D:4)
  2 orc priests
  A jelly (D:6)
  A centaur skeleton (D:8)
  Ijyb (D:3)
  3 iguanas
  2 orc wizards
  3 worker ants
  3 gnolls (D:5)
  13 adders
  3 howler monkey skeletons
  2 shadow imps
  5 white imps
  2 ufetubi
  2 oozes
  An adder skeleton (D:7)
  6 worms
  3 dart slugs
  7 leopard geckos
  20 orcs
  5 ball pythons
  8 bats
  5 giant cockroaches
  8 goblins
  3 hobgoblins
  3 jackals (D:5)
  2 quokkas
  5 frilled lizards
  12 kobolds
  A leopard gecko skeleton (D:8)
  3 quokka skeletons
  11 rats
399 creatures vanquished.

Vanquished Creatures (others)
  A jelly (D:8)
  10 bushes
  17 foxfires (Swamp:2)
  60 fungi
  74 plants
162 creatures vanquished.

Grand Total: 561 creatures vanquished

Notes
Turn   | Place    | Note
-------+----------+-------------------------------------------
     0 | D:1      | st0uf the Draconian Brigand began the quest for the Orb.
     0 | D:1      | Reached XP level 1. HP: 17/17 MP: 1/1
   469 | D:1      | Reached skill level 1 in Dodging
   469 | D:1      | Reached XP level 2. HP: 24/24 MP: 2/2
  1194 | D:2      | Reached XP level 3. HP: 29/29 MP: 3/3
  1724 | D:2      | Noticed Sigmund
  1737 | D:2      | Killed Sigmund
  1738 | D:2      | Reached XP level 4. HP: 37/37 MP: 4/4
  1738 | D:2      | Reached XP level 5. HP: 44/44 MP: 5/5
  1823 | D:3      | Found an opulent altar of Gozag.
  1860 | D:3      | Found a glowing drain.
  1892 | Sewer    | Entered a sewer
  2279 | Sewer    | Reached XP level 6. HP: 46/51 MP: 6/6
  2434 | D:3      | Noticed an orc warrior
  2456 | D:3      | Killed an orc warrior
  2773 | D:3      | Noticed Ijyb
  2785 | D:3      | Killed Ijyb
  3010 | D:3      | Found a shimmering altar of Xom.
  3113 | D:4      | Found a staircase to the Ecumenical Temple.
  3157 | D:4      | Your scales start taking on a fiery red colour.
  3157 | D:4      | Reached XP level 7. HP: 57/57 MP: 7/7
  3157 | D:4      | Gained mutation: Your flesh is heat resistant. (rF+) [Red
                  | Draconian growth]
  3171 | Temple   | Entered the Ecumenical Temple
  3206 | Temple   | Became a worshipper of Warmaster Okawaru
  3599 | D:4      | Got a pair of faintly glowing gloves
  3600 | D:4      | Identified the +1 pair of gloves of the Maze {Regen+ Int+3}
                  | (You found it on level 4 of the Dungeon)
  4029 | D:5      | Entered Level 5 of the Dungeon
  4064 | D:5      | Noticed Menkaure
  4083 | D:5      | Killed Menkaure
  4084 | D:5      | Reached XP level 8. HP: 64/66 MP: 8/8
  4109 | D:5      | Noticed Grinder
  4115 | D:5      | Killed Grinder
  4115 | D:5      | Reached * piety under Okawaru
  4116 | D:5      | Reached skill level 1 in Long Blades
  4116 | D:5      | Reached skill level 5 in Throwing
  4130 | D:5      | Found a broken altar of Ashenzari.
  4177 | D:5      | Noticed Pikel
  4187 | D:5      | Reached skill level 2 in Long Blades
  4420 | D:5      | Noticed Eustachio
  4441 | D:5      | Killed Eustachio
  4441 | D:5      | Reached ** piety under Okawaru
  4442 | D:5      | Reached skill level 3 in Long Blades
  4516 | D:5      | Found a sacrificial altar of Ru.
  4645 | D:5      | Killed Pikel
  4646 | D:5      | Reached skill level 4 in Long Blades
  4646 | D:5      | Reached skill level 1 in Shields
  4646 | D:5      | Reached XP level 9. HP: 52/72 MP: 9/9
  4817 | D:6      | Reached skill level 5 in Long Blades
  5012 | D:6      | Found a sparkling altar of Nemelex Xobeh.
  5053 | D:6      | Reached skill level 5 in Dodging
  5452 | D:7      | Found a hide-covered altar of Uskayaw.
  5469 | D:7      | Noticed a +0 dagger
  5469 | D:7      | Noticed a +0 dagger
  5617 | D:7      | Reached *** piety under Okawaru
  5822 | D:7      | Reached skill level 5 in Fighting
  5822 | D:7      | Reached skill level 6 in Long Blades
  6088 | D:8      | Noticed a two-headed ogre
  6107 | D:7      | Reached **** piety under Okawaru
  6112 | D:7      | Killed a two-headed ogre
  6113 | D:7      | Reached skill level 7 in Long Blades
  6113 | D:7      | Reached XP level 10. HP: 23/81 MP: 7/10
  6341 | D:8      | Found a snail-covered altar of Cheibriados.
  6622 | D:8      | Found a staircase to the Lair.
  6774 | D:8      | Noticed Harold
  6800 | D:8      | Reached skill level 8 in Long Blades
  6861 | D:8      | Killed Harold
  6861 | D:8      | Received a gift from Okawaru
  7039 | D:8      | Noticed a two-headed ogre
  7074 | D:8      | Killed a two-headed ogre
  7350 | Lair:1   | Entered Level 1 of the Lair of Beasts
  7377 | Lair:1   | Noticed a black mamba
  7469 | Lair:1   | Reached ***** piety under Okawaru
  7474 | Lair:1   | Killed a black mamba
  7475 | Lair:1   | Reached XP level 11. HP: 75/89 MP: 11/11
  7488 | Lair:1   | Received a gift from Okawaru
  7628 | Lair:1   | Noticed a four-headed hydra
  7849 | Lair:1   | Reached skill level 9 in Long Blades
  7997 | Lair:1   | Killed a four-headed hydra
  8038 | Lair:2   | Reached skill level 1 in Evocations
  8231 | Lair:2   | Noticed a seven-headed hydra
  8240 | Lair:2   | Killed a seven-headed hydra
  8323 | Lair:2   | Reached skill level 1 in Maces & Flails
  8466 | Lair:2   | Noticed a four-headed hydra
  8485 | Lair:2   | Killed a four-headed hydra
  9399 | Lair:3   | Received a gift from Okawaru
  9400 | Lair:3   | Reached skill level 10 in Long Blades
  9518 | Lair:3   | Reached XP level 12. HP: 83/100 MP: 12/12
  9583 | Lair:3   | Received a gift from Okawaru
  9584 | Lair:3   | Got an ichor-stained longbow {god gift}
 10221 | Lair:4   | Found a hole to the Spider Nest.
 10234 | Lair:4   | Found a staircase to the Swamp.
 10305 | Lair:4   | Identified the +8 longbow of Siesa {venom, rElec Dex+5}
                  | (Okawaru gifted it to you on level 3 of the Lair of Beasts)
 10664 | Lair:4   | You fall into a shaft and drop 2 floors!
 10664 | Lair:6   | Entered Level 6 of the Lair of Beasts
 10665 | Lair:6   | Found a bloodstained altar of Trog.
 10685 | Lair:6   | Noticed a four-headed hydra
 10788 | Lair:6   | Noticed a death yak
 10920 | Lair:6   | Reached skill level 11 in Long Blades
 11002 | Lair:6   | Noticed an eight-headed hydra
 11027 | Lair:6   | Killed a four-headed hydra
 11027 | Lair:6   | Received a gift from Okawaru
 11028 | Lair:6   | Reached skill level 5 in Shields
 11067 | Lair:6   | Killed an eight-headed hydra
 11078 | Lair:6   | Noticed a six-headed hydra
 11090 | Lair:6   | Killed a six-headed hydra
 11200 | Lair:5   | Found a staircase to the Slime Pits.
 11201 | Lair:5   | Found a viscous altar of Jiyva.
 11303 | Lair:5   | Reached ****** piety under Okawaru
 11448 | Lair:5   | Noticed an eight-headed hydra
 11456 | Lair:5   | Killed an eight-headed hydra
 11456 | Lair:5   | Received a gift from Okawaru
 11798 | Lair:5   | Received a gift from Okawaru
 11799 | Lair:5   | Reached XP level 13. HP: 108/108 MP: 13/13
 11925 | Lair:5   | Reached skill level 1 in Staves
 13017 | Lair:6   | Found a runed translucent gate.
 13018 | Lair:6   | Found a runed translucent gate.
 13018 | Lair:6   | Noticed Rexfelis's ghost (journeyman MiBe)
 13019 | Lair:6   | Found a runed translucent gate.
 13082 | Lair:6   | Noticed a dire elephant
 13083 | Lair:6   | Noticed a dire elephant
 13148 | Lair:6   | Reached skill level 5 in Staves
 13282 | Lair:6   | Received a gift from Okawaru
 13370 | Lair:6   | Received a gift from Okawaru
 13442 | Lair:6   | Received a gift from Okawaru
 13746 | Lair:6   | Received a gift from Okawaru
 13956 | Lair:6   | Received a gift from Okawaru
 14068 | Lair:6   | Reached skill level 10 in Throwing
 14202 | Lair:6   | Reached XP level 14. HP: 104/119 MP: 14/14
 14261 | Lair:6   | Reached skill level 10 in Fighting
 16562 | Swamp:1  | Entered Level 1 of the Swamp
 16721 | Swamp:1  | You fall into a shaft and drop 1 floor!
 16732 | Swamp:2  | Reached skill level 1 in Bows
 16756 | Swamp:2  | Noticed Aizul
 16774 | Swamp:2  | Killed Aizul
 16774 | Swamp:2  | Received a gift from Okawaru
 16804 | Swamp:2  | HP: 6/122 [will-o-the-wisp (8)]
 16808 | Swamp:2  | HP: 2/122 [will-o-the-wisp (6)]
 16818 | Swamp:2  | HP: 5/122 [will-o-the-wisp/foxfire (11)]
 16818 | Swamp:2  | Killed from afar by a will-o-the-wisp

Illustrated notes

Levels and vault maps discovered:
D:1:      minmay_arrival_glassed_features, layout_basic, due_unseen_surprise
D:2:      layout_loops_cross, uniq_sigmund
D:3:      layout_basic, nicolae_gozag_cash_rules_everything_around_me,
          cheibrodos_sewer_entry_bend, xom_teletrap_fun, uniq_ijyb
D:4:      layout_basic, temple_pool_b, serial_curves, eino_curves_02,
          eino_curves_02, eino_curves_01, eino_curves_03,
          kennysheep_small_square
D:5:      layout_cave_pools, old_standard_altar, lemuel_crystal_altar,
          uniq_menkaure, uniq_eustachio, uniq_pikel, uniq_grinder
D:6:      layout_basic, nemelex_xobeh_ov_fountains_minmay
D:7:      layout_basic, dancing_weapons_uskayaw
D:8:      layout_gridville, cheibrodos_worm_habitat,
          grunt_lair_entry_orc_guard_hut, serial_glass, glass_columns_a,
          glass_columns_b, glass_columns_a, glass_columns_c, glass_columns_c,
          glass_columns_a, glass_columns_b, glass_columns_b, glass_columns_c,
          glass_columns_b, minmay_strange_pillars, kennysheep_small_circle,
          uniq_harold
Temple:   minmay_temple_curvy_loop
Lair:1:   layout_misc_corridors, eino_small_chamber_without_monster,
          grunt_megastairs_4
Lair:2:   layout_chaotic_city
Lair:3:   layout_hall_layers, hibernation_bobbens, lemuel_fruit_tree,
          grunt_megastairs_3
Lair:4:   layout_roguey, swamp_mist_pool, dummy_spider_entry, wad_woods_03
Lair:5:   layout_gridlike, slime_altar_1, minmay_holes, minmay_hedge_maze
Lair:6:   grunt_lair_end_beastmaster, layout_loops_ring, basic_altar,
          gammafunk_ghost_split, chequers_serial_rivers_large_b
Swamp:1:  layout_basic_swamp, evilmike_swamp_ruin_house_3,
          nicolae_swamp_rocky_clearing, swamp_pool2,
          nicolae_swamp_necromancer_hut, infiniplex_staircase_pool
Swamp:2:  layout_basic_swamp, nicolae_swamp_dense_foliage, swamp_pool4,
          uniq_aizul

Skill      XL: |  1  2  3  4  5  6  7  8  9 10 11 12 13 14 |
---------------+-------------------------------------------+-----
Stealth        | 4 6 7 8 9 |  9.0
Dodging        | 1 2 3 4 5 6 7 8 9 |  9.5
Throwing       | 2 3 4 5 6 7 9 10 | 10.1
Fighting       | 3 4 5 6 7 8 9 10 | 10.4
Long Blades    | 4 7 8 10 11 | 11.4
Shields        | 1 2 3 5 6 |  6.7
Evocations     | 1 |  1.9
Maces & Flails | 1 2 |  2.8
Staves         | 8 9 |  9.7
Bows           | 2 |  2.0
Short Blades   | |  2.0
Invocations    | |  0.3

Action                   |  1- 3 |  4- 6 |  7- 9 | 10-12 | 13-15 || total
-------------------------+-------+-------+-------+-------+-------++-------
Melee: Dagger            |    84 |   137 |    40 |       |       ||   261
       Tailslap          |    10 |    18 |    43 |   138 |   124 ||   333
       Long sword        |       |       |   237 |   611 |       ||   848
       Flail             |       |       |       |    25 |       ||    25
       Lajatang          |       |       |       |       |   497 ||   497
 Fire: Longbow           |       |       |       |       |    42 ||    42
Throw: Dart              |       |    53 |    47 |   190 |    29 ||   319
       Stone             |       |       |       |    23 |       ||    23
Invok: Heroism           |       |       |     1 |     1 |     1 ||     3
 Abil: Breathe Fire      |       |       |    20 |    38 |    18 ||    76
Evoke: Wand              |       |       |       |     9 |       ||     9
  Use: Scroll            |       |       |     1 |    11 |     4 ||    16
       Potion            |       |       |       |       |     6 ||     6
 Stab: Sleeping          |    10 |     4 |    13 |    10 |     3 ||    40
       Distracted        |       |       |     2 |     1 |       ||     3
Armor: Skin              |    15 |    19 |   121 |   135 |    96 ||   386
Dodge: Dodged            |    32 |    59 |   219 |   462 |   376 ||  1148
Block: Buckler           |       |       |    38 |   189 |       ||   227
       Other             |       |       |       |       |    88 ||    88
       Rpst.: Long sword |       |       |    59 |   139 |       ||   198
